 Dungeon Crawl Stone Soup version 0.30-a0-802-gb92711bcdf (webtiles) character file.

Game seed: 9649428728562251585

85 cforsyth the Sneak (level 4, -5/28 HPs)
             Began as a Kobold Brigand on Feb 25, 2023.
             Slain by a gnoll
             ... wielding a +0 whip
              (8 damage)
             ... on level 2 of the Dungeon.
             The game lasted 00:01:08 (1497 turns).

cforsyth the Sneak (Kobold Brigand)                 Turns: 1497, Time: 00:01:08

Health: -5/28      AC:  3    Str:  8    XL:     4   Next: 75%
Magic:  4/4        EV: 15    Int: 12    God:
Gold:   75         SH:  0    Dex: 18    Spells: 3/3 levels left

rFire   . . .      SeeInvis .    a - +2 dagger
rCold   . . .      Faith    .    (no shield)
rNeg    . . .      Spirit   .    b - +0 robe
rPois   .          Reflect  .    (no helmet)
rElec   .          Harm     .    c - +0 cloak
rCorr   .          Rampage  .    (no gloves)
Will    .....                    (no boots)
Stlth   ++++                     (no amulet)
HPRegen 0.24/turn                (no ring)
MPRegen 0.09/turn                (no ring)

@: lethally poisoned (-5 -> -18)
A: small, no large weapons, nightstalker 3
a: no special abilities


You were on level 2 of the Dungeon.
You visited 1 branch of the dungeon, and saw 2 of its levels.

You collected 75 gold pieces.

Inventory:

Hand Weapons
 a - a +2 dagger (weapon)
Missiles
 d - 9 poisoned darts (quivered)
 e - 3 curare-tipped darts
Armour
 b - a +0 robe (worn)
 c - a +0 cloak (worn)
Jewellery
 j - a +6 ring of intelligence
Scrolls
 g - a scroll of identify {unknown}
 i - 2 scrolls of teleportation {unknown}
 m - a scroll of magic mapping {unknown}
Potions
 f - 2 potions of curing {unknown}
 h - a potion of haste {unknown}
 k - a potion of brilliance {unknown}
 l - a potion of resistance {unknown}


   Skills:
 + Level 3.1 Fighting
 + Level 3.8 Short Blades
 - Level 2.1 Throwing
 + Level 2.6 Dodging
 + Level 6.1 Stealth


You had 3 spell levels left.
You didn't know any spells.
Your spell library contained the following spells:

 Spells                   Type           Power      Damage    Failure   Level
 Kiss of Death            Conj/Necr      0%         2d5       32%         1
 Confusing Touch          Hex            0%         N/A       69%         3
 Dispel Undead            Necr           0%         3d6       97%         4


Dungeon Overview and Level Annotations

Branches:
Dungeon (2/15)

Altars:


Innate Abilities, Weirdness & Mutations

You are small and have problems with some larger weapons.
You are completely attuned to the shadows.


Message History

A gnoll comes into view. It is wielding a +0 whip.
A gnoll comes into view. It is wielding a +1 spear of venom.
The helpless gnoll fails to defend itself.
You impale the gnoll!!
You kill the gnoll!
The gnoll shouts! x2
Things that are here:
a +0 club; 6 javelins You hit the gnoll.
The gnoll is moderately wounded.
The gnoll hits you from afar with a +1 spear of venom.
You are poisoned.
The gnoll hits you but does no damage.
You closely miss the gnoll.
The gnoll is moderately wounded.
You feel very sick.
You hit the gnoll.
The gnoll is severely wounded.
You feel sick.
The gnoll hits you from afar with a +1 spear of venom.
The gnoll misses you.
You are too injured to fight recklessly!
You are too injured to fight recklessly!
You are too injured to fight recklessly!
You are too injured to fight recklessly!
You hit the gnoll.
The gnoll is severely wounded.
You feel sick.
An endoplasm comes into view.
The gnoll misses you.
The gnoll hits you from afar with a +1 spear of venom!
* * * LOW HITPOINT WARNING * * *
You are more poisoned.
The endoplasm quivers.
You hit the gnoll.
The gnoll is almost dead.
* * * LOW HITPOINT WARNING * * *
You feel very sick. The gnoll closely misses you.
The gnoll hits you with a +0 whip!
You die...

#####.####.## #.
#...........#####.
#.###.####........
#.# #.####.#####..
#.# #..†...# #...
#)# ######## #...
#.# #.). #.#
######### #..# #@#
#.......# #... #g#
#.......###... #g#
#.......##.... .J#
#............. ...
#.......##....
#.......###...
.#.......# #...
.....#######...
.###.##...#####


You could see 2 gnolls and an endoplasm.

Vanquished Creatures
  Jessica (D:2)
  2 gnolls (D:2)
  2 worms (D:2)
  4 endoplasms
  4 giant cockroaches
  2 goblins
  A hobgoblin (D:2)
  2 kobolds
  A quokka (D:1)
  7 ball pythons
  3 bats
  2 frilled lizards
  2 rats (D:2)
33 creatures vanquished.

Notes
Turn   | Place    | Note
-------+----------+-------------------------------------------
     0 | D:1      | cforsyth the Kobold Brigand began the quest for the Orb.
     0 | D:1      | Reached XP level 1. HP: 12/12 MP: 1/1
   297 | D:1      | Reached XP level 2. HP: 18/18 MP: 2/2
   909 | D:2      | Noticed Jessica
   912 | D:2      | Killed Jessica
   913 | D:2      | Reached XP level 3. HP: 22/22 MP: 3/3
  1070 | D:2      | Reached XP level 4. HP: 27/27 MP: 4/4
  1378 | D:2      | Reached skill level 6 in Stealth
  1497 | D:2      | Slain by a gnoll

Illustrated notes

Levels and vault maps discovered:
D:1:      lightli_arrival_statue_moat, layout_basic
D:2:      layout_loops_cross, shapermc_ecumenical_altar_petra, uniq_jessica

Skill      XL: |  1  2  3  4 |
---------------+-------------+-----
Short Blades   | 3 |  3.8
Dodging        | 2 |  2.6
Fighting       | 3 |  3.1
Stealth        | 6 |  6.1
Throwing       | |  2.1

Action                     |  1- 3 |  4- 6 || total
---------------------------+-------+-------++-------
  Melee: Dagger            |    30 |    31 ||    61
   Stab: Sleeping          |    14 |    10 ||    24
 Armour: Robe              |     3 |     1 ||     4
  Dodge: Dodged            |    17 |    11 ||    28

Table legend: (Time is in decaauts)
 A = Elapsed time spent in this place.
 B = Non-inter-level travel time spent in this place.
 C = Inter-level travel time spent in this place.
 D = Time resting spent in this place.
 E = Time spent auto-exploring this place.
 F = Levels seen in this place.
 G = Mean time per level.
                   A        B        C        D        E       F      G
               +--------+--------+--------+--------+--------+-----+--------+
         Total |   1487 |   1456 |     31 |      0 |   1272 |   2 |  743.5 |
       Dungeon |   1487 |   1456 |     31 |      0 |   1272 |   2 |  743.5 |
               +--------+--------+--------+--------+--------+-----+--------+

Top non-repeatable levels by time:
     D:1: 895 daAuts
     D:2: 591 daAuts
